Map: Catalyst LE

Players

SamuraiFunn - Winner!

  • Race: Protoss Protoss
  • League: Platinum
  • Spawn Location: 5:00

A.I. 1 (Very Hard)

  • Race: Terran Terran
  • Spawn Location: 11:00

VOD

Have the link to the VOD?

Description

Time

  • Played on: Dec. 1, 2017, 10:54 p.m.
  • Length: 14:37
Show
View Real Time Build Order
Export as new Build Order

SamuraiFunn Protoss - Winner!

Build Orders: Oracle Opening 

Get SALT Encoding   

  12  0:01  Probe  
  13  0:13  Probe  
  14  0:21  Pylon  
  14  0:29  Probe  
  15  0:48  Gateway  
  15  0:49  Probe  
  16  1:02  Assimilator  
  16  1:08  Pylon  
  16  1:10  Probe (Chrono Boost)  
  18  1:22  Probe (Chrono Boost)  
  18  1:23  Assimilator  
  18  1:24  Probe  
  19  1:26  Pylon  
  19  1:36  Probe  
  20  1:42  Cybernetics Core  
  20  1:48  Probe  
  21  2:00  Probe  
  21  2:01  Zealot (Chrono Boost)  
  24  2:12  Probe  
  25  2:29  Nexus  
  25  2:36  Stargate  
  25  2:37  Probe  
  26  2:49  Probe  
  26  2:50  Assimilator  
  27  2:56  Warp Gate  
  27  3:14  Probe  
  31  3:28  Oracle  
  31  3:31  Probe  
  32  3:42  Stargate  
  32  3:53  Gateway  
  32  4:04  Probe x2  
  37  4:15  Oracle (Chrono Boost)  
  40  4:34  Oracle (Chrono Boost)  
  43  4:53  Assimilator  
  43  4:54  Probe x2  
  43  4:57  Oracle (Chrono Boost)  
  45  5:06  Probe x2  
  50  5:09  Gateway  
  50  5:12  Oracle  
  50  5:45  Zealot x2  
  50  5:46  Oracle  
  54  5:54  Pylon  
  54  5:55  Pylon  
  54  5:57  Pylon  
  54  6:18  Stargate  
  57  6:19  Probe x2, Oracle  
  57  6:22  Zealot x2  
  63  6:28  Twilight Council  
  63  6:31  Probe x2, Gateway  
  65  6:43  Probe x2  
  67  6:50  Zealot x2  
  71  6:55  Probe x2  
  70  7:23  Zealot  
  70  7:25  Zealot x2  
  76  7:56  Pylon  
  76  7:58  Pylon  
  76  8:00  Pylon  
  76  8:02  Pylon  
  76  8:14  Void Ray x2  
  81  8:36  Stalker x3  
  81  8:39  Void Ray  
  85  8:53  Charge (Chrono Boost)  
  85  8:57  Void Ray x2  
  93  9:26  Void Ray  
  97  9:31  Stalker x2  
  97  9:32  Stalker x2  
  105  9:45  Void Ray  
  95  10:17  Void Ray  
  83  10:42  Void Ray x2  
  91  10:47  Nexus  
  91  10:51  Pylon  
  91  10:53  Pylon  
  91  10:55  Pylon  
  91  10:58  Gateway, Assimilator  
  91  10:59  Probe  
  91  11:00  Probe  
  91  11:01  Gateway  
  91  11:02  Assimilator  
  91  11:03  Gateway  
  89  11:11  Probe  
  90  11:32  Void Ray x2  
Show
View Real Time Build Order
Export as new Build Order

A.I. 1 (Very Hard) Terran 

Build Orders: MMM Bio 

Get SALT Encoding   

  12  0:00  SCV  
  13  0:13  SCV  
  14  0:19  Supply Depot  
  14  0:25  SCV  
  15  0:40  SCV  
  16  0:53  SCV  
  17  0:57  Refinery  
  17  0:59  Barracks  
  17  1:05  SCV  
  18  1:17  SCV  
  19  1:29  Command Center  
  19  1:38  Supply Depot  
  19  1:41  SCV  
  19  1:46  Marine  
  21  2:02  Factory  
  21  2:13  Barracks  
  21  2:14  SCV  
  22  2:18  Marine  
  23  2:26  SCV  
  24  2:33  Supply Depot  
  24  2:38  SCV, Marine  
  26  2:46  Factory Tech Lab  
  26  2:48  SCV  
  27  2:59  Orbital Command  
  27  3:04  Refinery  
  27  3:06  Marine  
  28  3:15  Orbital Command  
  28  3:17  Marine  
  29  3:24  SCV, Marine  
  31  3:35  Marine  
  31  3:36  SCV  
  31  3:40  SCV  
  34  3:42  Marine  
  35  3:49  SCV  
  35  3:52  SCV, Barracks  
  35  3:53  Marine  
  38  4:00  Barracks Tech Lab  
  38  4:01  SCV  
  39  4:04  SCV  
  39  4:07  Starport  
  40  4:12  Barracks Tech Lab  
  40  4:13  SCV  
  40  4:16  SCV  
  42  4:18  Marine  
  42  4:21  Stimpack  
  41  4:25  SCV  
  41  4:28  SCV  
  41  4:30  Marine  
  39  4:37  SCV  
  36  4:40  SCV  
  37  4:47  Combat Shields  
  37  4:49  SCV  
  37  4:52  SCV  
  39  4:55  Supply Depot  
  39  4:57  Marine  
  39  4:59  Marine  
  41  5:01  SCV  
  41  5:04  SCV  
  43  5:07  Barracks Reactor  
  43  5:13  SCV  
  44  5:15  Marauder  
  44  5:16  SCV  
  44  5:17  Marine  
  42  5:21  Refinery  
  42  5:24  Medivac  
  42  5:25  SCV  
  44  5:29  SCV  
  44  5:35  Marauder  
  46  5:36  Marine  
  46  5:37  SCV  
  46  5:41  SCV  
  49  5:44  Marine  
  49  5:48  Marine  
  52  5:50  SCV  
  52  5:53  SCV  
  52  5:54  Medivac, Marauder  
  57  5:59  Supply Depot  
  57  6:02  SCV, Marauder  
  60  6:05  SCV  
  61  6:14  SCV  
  62  6:21  SCV, Marauder  
  62  6:23  Marauder  
  62  6:24  Supply Depot  
  67  6:26  SCV  
  68  6:34  SCV  
  68  6:38  SCV  
  62  6:41  Viking  
  62  6:43  Marauder  
  62  6:46  SCV, Marauder  
  69  6:50  SCV  
  62  6:58  SCV  
  63  7:02  SCV  
  63  7:10  SCV  
  63  7:11  Viking  
  63  7:14  SCV  
  64  7:22  SCV  
  65  7:26  SCV, Marauder  
  68  7:32  Supply Depot  
  68  7:36  SCV  
  69  7:38  SCV  
  69  7:41  Viking  
  72  7:47  Marauder  
  72  7:48  SCV  
  72  7:50  SCV  
  76  7:58  Marauder  
  78  8:00  SCV  
  78  8:05  SCV, Supply Depot  
  79  8:12  SCV  
  81  8:18  SCV  
  70  8:24  SCV  
  67  8:30  SCV  
  67  8:33  Marauder  
  70  8:36  SCV  
  71  8:41  Concussive Shells  
  71  8:42  SCV  
  72  8:48  SCV  
  72  8:54  SCV  
  74  9:00  SCV  
  75  9:03  Engineering Bay  
  75  9:12  SCV  
  75  9:15  SCV  
  77  9:24  SCV  
  78  9:27  SCV  
  78  9:29  Terran Infantry Weapons Level 1  
  79  9:36  SCV  
  80  9:39  SCV  
  81  9:47  Engineering Bay  
  81  9:48  SCV  
  81  9:51  SCV  
  83  9:58  Missile Turret  
  83  10:00  SCV  
  83  10:03  SCV, Supply Depot  
  85  10:11  Marauder  
  85  10:12  SCV  
  85  10:13  Terran Infantry Armor Level 1  
  75  10:15  SCV  
  75  10:16  Marauder  
  75  10:18  Marine  
  75  10:19  Marine  
  59  10:24  SCV  
  44  10:28  SCV  
  44  10:32  Marauder  
  47  10:36  SCV, Marine  
  47  10:37  Marauder  
  47  10:38  Marine  
  47  10:41  SCV  
  40  10:48  SCV  
  33  10:53  Marine  
  33  10:54  Marine  
  33  10:56  Marine  
Tags
 
Composition
MMM Bio
League
Platinum
Matchup
PvT
Replay Pack
First 100 games
Spawn Locations
Cross Positions
Add a new tag
Caveats
  • Supply blocks, unpowered buildings, or Contaminate may cause inaccurate times.
  • Supply counts are checked every 10 seconds.